Map: Thunderbird LE

Players

RiSky

  • Race: Zerg Zerg
  • Spawn Location: 11:00

Gerald - Winner!

  • Race: Protoss Protoss
  • Spawn Location: 5:00

Event: 2019 WCS Summer

VOD

Have the link to the VOD?

Description

Time

  • Played on: July 12, 2019, 9:27 a.m.
  • Length: 9:18

All games in this series

Show
View Real Time Build Order
Export as new Build Order

RiSky Zerg 

Build Orders: Hatch First 

Get SALT Encoding   

  12  0:00  Drone  
  13  0:12  Overlord  
  13  0:16  Drone  
  14  0:30  Drone x2  
  16  0:47  Hatchery  
  15  0:50  Drone  
  15  0:54  Drone  
  17  0:57  Drone  
  18  1:08  Extractor  
  17  1:12  Spawning Pool  
  17  1:18  Drone  
  17  1:20  Drone  
  18  1:29  Drone  
  19  1:38  Drone  
  20  1:49  Overlord  
  20  1:59  Queen x2  
  20  2:00  Zergling x4  
  26  2:11  Drone x2  
  26  2:12  Metabolic Boost  
  28  2:22  Drone x2  
  30  2:33  Hatchery  
  29  2:38  Drone  
  29  2:43  Queen  
  32  2:50  Overlord  
  32  2:52  Drone  
  32  2:55  Drone  
  32  2:57  Drone  
  35  3:00  Drone  
  36  3:08  Drone  
  36  3:09  Drone  
  36  3:10  Drone  
  39  3:13  Drone  
  39  3:15  Overlord  
  39  3:17  Drone x3  
  42  3:24  Overlord  
  42  3:26  Drone  
  43  3:29  Drone  
  43  3:33  Roach Warren  
  43  3:39  Zergling x4  
  45  3:44  Zergling x4  
  45  3:45  Drone  
  45  3:47  Drone  
  49  3:52  Drone x2  
  52  3:55  Drone x2  
  52  3:56  Drone, Lair  
  52  3:58  Extractor  
  52  3:59  Drone  
  52  4:00  Extractor  
  52  4:02  Drone  
  54  4:05  Drone  
  54  4:09  Overlord  
  55  4:13  Overlord  
  55  4:14  Roach x3  
  61  4:17  Overlord  
  61  4:20  Roach  
  63  4:26  Overlord  
  63  4:29  Drone x2  
  63  4:30  Overlord  
  65  4:32  Spore Crawler  
  65  4:33  Drone  
  65  4:37  Overlord  
  65  4:38  Drone  
  66  4:40  Drone  
  66  4:44  Drone  
  66  4:45  Roach x2  
  72  4:56  Overseer  
  72  4:59  Queen x2  
  76  5:02  Overseer  
  76  5:05  Roach x3  
  82  5:10  Overseer, Roach x3, Spore Crawler  
  87  5:18  Roach x3  
  93  5:22  Overlord  
  93  5:24  Roach x2  
  97  5:31  Roach x3  
  97  5:33  Overlord  
  101  5:44  Drone  
  101  5:47  Queen x2  
  101  5:49  Drone  
  106  5:50  Drone x3  
  106  5:51  Overlord  
  106  5:52  Glial Reconstitution  
  106  5:56  Roach x2  
  112  5:58  Roach  
  112  6:02  Overlord  
  114  6:04  Evolution Chamber  
  114  6:07  Roach x2  
  114  6:10  Roach  
  119  6:14  Roach x3  
  119  6:17  Roach  
  127  6:21  Overlord  
  127  6:22  Roach  
  127  6:23  Roach  
  127  6:24  Overseer  
  131  6:27  Roach  
  131  6:32  Overlord  
  131  6:34  Extractor  
  131  6:37  Overlord  
  129  6:43  Overlord  
  129  6:44  Overlord  
  129  6:48  Drone x6  
  129  6:49  Nydus Network  
  134  6:55  Drone x2  
  134  6:56  Drone  
  134  7:01  Drone  
  138  7:03  Overlord  
  138  7:05  Drone x2  
  138  7:06  Drone  
  141  7:15  Overlord  
  141  7:17  Zerg Missile Weapons Level 1, Roach  
  141  7:18  Baneling Nest  
  141  7:22  Zergling x2  
  143  7:23  Zergling x16  
  151  7:31  Extractor  
  151  7:35  Roach  
  151  7:36  Roach x2  
  153  7:38  Hatchery  
  153  7:43  Roach x3  
  154  8:02  Roach x7  
  163  8:08  Drone  
  160  8:14  Nydus Canal  
  160  8:16  Roach x2  
  150  8:20  Roach  
  150  8:21  Roach  
  150  8:25  Baneling x14  
  154  8:29  Roach x2  
  158  8:36  Roach x2  
  158  8:41  Roach x6  
  174  8:53  Roach x6  
  162  8:57  Zergling x2  
Show
View Real Time Build Order
Export as new Build Order

Gerald Protoss - Winner!

Build Orders: 1 Gate Expand, Archon Immortal, Archon Drop, Dark Templar Rush 

Get SALT Encoding   

  12  0:00  Probe  
  13  0:12  Probe  
  14  0:19  Pylon  
  14  0:23  Probe  
  15  0:33  Probe  
  15  0:41  Gateway  
  16  0:43  Probe  
  16  0:49  Assimilator  
  17  0:55  Probe  
  18  1:04  Pylon  
  18  1:07  Probe  
  19  1:19  Probe  
  20  1:26  Nexus  
  20  1:35  Cybernetics Core  
  20  1:37  Probe  
  21  1:45  Assimilator  
  21  1:50  Probe  
  21  1:53  Pylon  
  22  2:02  Probe, Adept  
  23  2:14  Probe  
  26  2:16  Twilight Council  
  26  2:22  Stalker, Warp Gate  
  26  2:26  Probe  
  29  2:38  Probe  
  29  2:40  Probe  
  31  2:50  Probe  
  32  2:52  Probe  
  33  3:01  Robotics Facility  
  33  3:02  Probe  
  33  3:04  Probe  
  35  3:14  Probe  
  35  3:16  Probe  
  37  3:22  Gateway  
  37  3:25  Dark Shrine  
  37  3:26  Probe  
  38  3:28  Probe  
  39  3:38  Probe  
  39  3:39  Warp Prism  
  39  3:40  Probe  
  41  3:41  Gateway x2  
  41  3:49  Pylon  
  41  3:50  Probe  
  41  3:54  Probe  
  45  3:59  Pylon  
  45  4:01  Assimilator  
  45  4:03  Probe  
  45  4:04  Assimilator  
  45  4:07  Probe, Warp Prism  
  47  4:15  Probe  
  50  4:22  Probe  
  51  4:27  Probe  
  52  4:33  Pylon  
  52  4:34  Probe  
  53  4:47  Dark Templar x4  
  53  4:50  Pylon  
  53  4:52  Pylon  
  61  5:01  Gateway  
  61  5:03  Gateway  
  61  5:17  Immortal  
  61  5:20  Dark Templar x3  
  71  5:52  Charge  
  71  5:54  Immortal  
  71  5:57  Dark Templar  
  71  5:59  Gateway  
  71  6:01  Gateway  
  71  6:03  Gateway  
  77  6:08  Archon x2  
  77  6:12  Pylon  
  77  6:13  Zealot x4  
  77  6:17  Archon  
  85  6:18  Archon  
  85  6:28  Pylon  
  85  6:36  Pylon  
  88  6:42  Observer  
  88  6:45  Probe  
  89  6:47  Nexus  
  86  6:55  Zealot, Dark Templar x4  
  86  6:56  Zealot x2  
  86  7:01  Pylon x2  
  100  7:08  Zealot x2  
  104  7:16  Immortal  
  104  7:18  Stalker  
  104  7:20  Stalker  
  112  7:30  Dark Templar  
  114  7:47  Archon x2  
  114  7:48  Zealot x6  
  118  8:00  Zealot x2  
  118  8:05  Immortal  
  122  8:26  Dark Templar x4  
  130  8:27  Zealot x4  
  130  8:33  Archon  
  138  8:34  Archon  
  138  8:35  Zealot  
  92  8:55  Zealot x3  
  92  8:56  Zealot x2  
  94  9:03  Zealot x4  
  94  9:17  Zealot x4  
Tags
 
Add a new tag
Caveats
  • Supply blocks, unpowered buildings, or Contaminate may cause inaccurate times.
  • Supply counts are checked every 10 seconds.